 Dungeon Crawl Stone Soup version 0.28-a0-863-g8cecda6153 (webtiles) character file.

Game seed: 1777235748249500527

8697 Conn the Arsonist (level 11, 0/70 (94) HPs)
             Began as an Octopode Fire Elementalist on Nov 15, 2021.
             Was an Elder of Sif Muna.
             Slain by Zoha Hau's ghost (21 damage)
             ... on level 1 of the Orcish Mines on Nov 19, 2021.
             The game lasted 00:33:18 (12701 turns).

Conn the Arsonist (Octopode Fire Elementalist)     Turns: 12701, Time: 00:33:18

HP:   0/70 (94)     AC: 25    Str:  8    XL:     11   Next: 34%
MP:   0/33          EV:  2    Int: 27    God:    Sif Muna [****..]
Gold: 465           SH:  0    Dex: 18    Spells: 1/29 levels left

rFire   + + .      SeeInvis .   b - staff of fire
rCold   x . .      Faith    .   (no shield)
rNeg    . . .      Spirit   +   (helmet currently unavailable)
rPois   +          Reflect  .   F - amulet of guardian spirit
rElec   .          Harm     .   e - ring of fire
rCorr   .          Rampage  .   t - +6 ring of dexterity
Will    .....      NoTele   +   l - +6 ring of intelligence
Stlth   ++++......              C - ring of magical power
HPRegen 0.21/turn               (no ring)
MPRegen 0.23/turn               (no ring)
                                (no ring)
                                (no ring)

@: tree-form, studying Fighting, very heavily drained
A: stationary, stasis, torment immunity, boosted hp, almost no armour,
(amphibious), 8 rings, (camouflage 1), (gelatinous body 1), (nimble swimmer 1),
(tentacles)
a: Renounce Religion, Channel Magic, Forget Spell, Divine Exegesis


You were on level 1 of the Orcish Mines.
You worshipped Sif Muna.
Sif Muna was greatly pleased with you.
You were a tree.
You visited 3 branches of the dungeon, and saw 11 of its levels.
You also visited: Bailey.

You collected 744 gold pieces.
You spent 279 gold pieces at shops.

Inventory:

Hand Weapons
 a - a +0 dagger
 A - the +1 falchion of Starshine {freeze, rCorr}
   (You took it off an orc on level 6 of the Dungeon)

   It freezes those it strikes, dealing additional cold damage.
   It can also slow down cold-blooded creatures.
   rCorr:     It protects you from acid and corrosion.
Missiles
 w - 2 throwing nets
 N - a curare-tipped dart
Armour
 m - a +0 hat (melded)
Magical Staves
 b - a staff of fire (weapon)
 q - a staff of air
Jewellery
 e - a ring of fire (left branch)
 l - a +6 ring of intelligence (on tentacle)
 t - a +6 ring of dexterity (right branch)
 C - a ring of magical power (on tentacle)
 F - an amulet of guardian spirit (around neck)
Wands
 u - a wand of digging (5)
 v - a wand of acid (5)
 x - a wand of flame (41)
 z - a wand of iceblast (18)
 B - a wand of charming (14)
 E - a wand of paralysis (7)
 I - a wand of mindburst (13)
Scrolls
 d - 2 scrolls of torment {unknown}
 f - 2 scrolls of immolation {unknown}
 h - 2 scrolls of magic mapping {unknown}
 i - 3 scrolls of blinking {unknown}
 k - 2 scrolls of fear {unknown}
 o - a scroll of noise {unknown}
 p - 3 scrolls of teleportation
 s - 4 scrolls of enchant weapon
 y - 3 scrolls of fog {unknown}
 D - a scroll of enchant armour {unknown}
 H - a scroll of summoning {unknown}
 K - 2 scrolls of amnesia {unknown}
Potions
 c - 2 potions of magic
 g - a potion of invisibility
 j - a potion of lignification
 r - a potion of cancellation {unknown}
 G - a potion of ambrosia {unknown}
 J - a potion of flight {unknown}
 L - a potion of berserk rage {unknown}
 M - a potion of might {unknown}
 O - a potion of heal wounds {unknown}


   Skills:
 + Level 1.6 Fighting
 + Level 1.2 Staves
 + Level 3.7 Dodging
 + Level 6.5 Stealth
 + Level 9.5 Spellcasting
 + Level 8.4 Conjurations
 + Level 1.4 Hexes
 * Level 0.8 Summonings
 + Level 9.7 Fire Magic
 * Level 1.0 Ice Magic
 * Level 1.7 Air Magic
 * Level 1.4 Poison Magic


You had one spell level left.
You knew the following spells:

 Your Spells              Type           Power      Damage    Failure   Level
a - Foxfire               Conj/Fire      100%       2x1d9     1%          1
b - Conjure Flame         Conj/Fire      96%        6-21      1%          3
c - Inner Flame           Hex/Fire       77%        N/A       1%          3
d - Flame Wave            Conj/Fire      96%        3d16      1%          4
e - Scorch                Fire           100%       2d10      1%          2
f - Mephitic Cloud        Conj/Pois/Air  33%        N/A       2%          3
g - Ignite Poison         Fire/Tmut/Pois 65%        N/A       3%          3
h - Freezing Cloud        Conj/Ice/Air   16%        6-21      26%         5
i - Summon Lightning Spi  Summ/Air       20%        N/A       26%         4

Your spell library contained the following spells:

 Spells                   Type           Power      Damage    Failure   Level
 Animate Skeleton         Necr           24%        N/A       4%          1
 Pain                     Necr           48%        1d6       4%          1
 Vampiric Draining        Necr           12%        2d6       14%         3
 Animate Dead             Necr           6%         N/A       41%         4
 Haunt                    Necr/Summ      7%         N/A       100%        7
 Storm Form               Tmut/Air       8%         N/A       100%        7
 Infestation              Necr           6%         N/A       100%        8
 Maxwell's Capacitive Co  Air            11%        ∞         100%        8


Dungeon Overview and Level Annotations

Branches:
Dungeon (9/15)             Temple (1/1) D:4             Orc (1/2) D:9
 Bailey (visited)
   Lair: D:8-11

Altars:
Cheibriados
Dithmenos
Elyvilon
Fedhas
Gozag
Hepliaklqana
Kikubaaqudgha
Makhleb
Nemelex Xobeh
Okawaru
Qazlal
Ru
Sif Muna
Trog
Uskayaw
Vehumet
Wu Jian
Xom
Yredelemnul
Zin
The Shining One
Beogh

Shops:
D:2 !   D:7 =   Orc:1 =

Annotations:
D:4 2 transporters, benitares's ghost, amateur DrCj
D:6 Peloso's ghost, novice MiFi
Orc:1 Zoha Hau's ghost, journeyman DsAK


Innate Abilities, Weirdness & Mutations

You are a tree.
Your roots penetrate the ground, keeping you stationary.
You cannot be teleported.
You are immune to unholy pain and torment.
Your maximum health is greatly increased.
You cannot wear most types of armour.
((You are amphibious.))
You can wear up to eight rings at the same time.
((Your skin changes colour to match your surroundings (Stealth+).))
((Your rubbery body absorbs attacks. (AC +1, EV +1)))
((You are camouflaged near water. (Stealth+)))
((You have tentacles for arms and can constrict up to eight enemies at once.))


Message History

A wave of flame ripples out!
The flame wave engulfs Zoha Hau's ghost!
Flame seeps out of Zoha Hau's ghost.
Zoha Hau's ghost is lightly damaged.
You finish channelling waves of flame.
Casting: Flame Wave (dangerous; 1% risk of failure)
Confirm with . or Enter, or press ? or * to list all spells.
Casting: Flame Wave (dangerous; 1% risk of failure)
Press: ? - help, Dir - look around, f - activate You feel a strong surge of power!
A wave of flame ripples out!
The flame wave engulfs Zoha Hau's ghost.
Flame seeps out of Zoha Hau's ghost.
Zoha Hau's ghost is lightly damaged. (Press . to intensify the flame waves.) Zoha Hau's ghost hits you!!
You feel drained.
* * * LOW HITPOINT WARNING * * *
Okay, then.
Really quaff the potion of lignification?
You turn into a tree.
Your +0 hat melds into your body.
Your roots penetrate the ground.
Zoha Hau's ghost hits you!!
* * * LOW HITPOINT WARNING * * *
You feel drained.
* * * LOW HITPOINT WARNING * * *
You feel better. The ogre hits you but does no damage.
Zoha Hau's ghost hits you but does no damage.
You feel drained.
Okay, then.
Okay, then.
Okay, then.
Casting: Flame Wave (dangerous; 1% risk of failure)
Confirm with . or Enter, or press ? or * to list all spells.
Okay, then.
Okay, then.
Okay, then.
Okay, then.
You feel better.
The ogre hits you with a +0 giant spiked club.
* * * LOW HITPOINT WARNING * * *
Zoha Hau's ghost hits you!!
You die...

## ##.### #....##
#######....#
##8♣8.8##.$#
##..WO⌠.....# ##
#..8.∩.8....#
##.###..⌠.⌠.....#
#...#.o8.8.8#..##
#..#...#......#
#.$....##....##
###
##..........##
##.#####
###..#.#..###
#...##.##


You could see an ogre, Zoha Hau's ghost (inner flame) and an orc.

Vanquished Creatures
  Erica (D:8)
  Pikel (D:8)
  A wizard (D:9)
  An orc knight (Bailey)
  Maurice (D:8)
  2 trolls
  5 yaks (D:9)
  A steam dragon (D:7)
  Edmund (D:6)
  A warg (Orc:1)
  A water moccasin (D:5)
  20 orc warriors
  An ice beast (D:7)
  6 ogres
  3 centaurs
  A lemure (D:8)
  4 necrophages
  A kobold brigand (D:9)
  A bullfrog (D:8)
  A gnoll sergeant (D:9)
  2 scorpions
  A water moccasin zombie (D:4)
  5 wights (D:8)
  2 centaur zombies
  A crimson imp (D:9)
  2 howler monkeys
  2 hounds
  4 jellies
  2 centaur skeletons
  Crazy Yiuf (D:3)
  5 orc priests
  3 iguanas
  7 orc wizards
  A killer bee zombie (D:5)
  A nameless horror (Orc:1)
  A hound zombie (D:5)
  A howler monkey zombie (D:9)
  7 adders
  6 gnolls
  A howler monkey skeleton (D:7)
  A shadow imp (D:7)
  3 white imps
  3 worms
  3 dart slugs
  71 orcs
  6 bats
  8 endoplasms
  A giant cockroach (D:3)
  7 goblins
  3 hobgoblins
  2 jackals (D:4)
  2 quokkas
  4 ball pythons
  2 frilled lizards
  A jackal skeleton (D:4)
  10 kobolds
  2 rats
238 creatures vanquished.

Vanquished Creatures (others)
  An iguana (D:6)
  An orc (D:6)
  634 foxfires
636 creatures vanquished.

Grand Total: 874 creatures vanquished

Notes
Turn   | Place    | Note
-------+----------+-------------------------------------------
     0 | D:1      | Conn the Octopode Fire Elementalist began the quest for the
                  | Orb.
     0 | D:1      | Reached XP level 1. HP: 11/11 MP: 3/3
   714 | D:1      | Reached XP level 2. HP: 17/17 MP: 1/5
  1367 | D:2      | Found Hotiocw's Distillery.
  1375 | D:2      | Bought a potion of lignification for 39 gold pieces
  1398 | D:2      | Reached XP level 3. HP: 21/21 MP: 3/6
  2521 | D:3      | Reached XP level 4. HP: 27/27 MP: 1/7
  2598 | D:3      | Noticed an ogre
  2604 | D:3      | Killed an ogre
  2605 | D:3      | Reached XP level 5. HP: 31/31 MP: 0/9
  3004 | D:3      | Found a runed translucent door.
  3005 | D:3      | Noticed Crazy Yiuf
  3021 | D:3      | Killed Crazy Yiuf
  3083 | D:3      | Found a bloodstained altar of Trog.
  3123 | D:3      | Learned a level 3 spell: Conjure Flame
  3127 | D:3      | Learned a level 3 spell: Inner Flame
  3155 | D:4      | Found a transporter.
  3285 | D:4      | Found a staircase to the Ecumenical Temple.
  3296 | Temple   | Entered the Ecumenical Temple
  3304 | Temple   | Became a worshipper of Sif Muna the Loreminder
  3429 | D:5      | Entered Level 5 of the Dungeon
  3436 | D:5      | Reached XP level 6. HP: 28/37 MP: 2/10
  3513 | D:5      | Noticed a water moccasin
  3517 | D:5      | Killed a water moccasin
  4342 | D:5      | Found a white marble altar of Elyvilon.
  4346 | D:5      | Found a shimmering altar of Xom.
  4384 | D:5      | Reached XP level 7. HP: 42/42 MP: 7/12
  4600 | D:4      | Reached skill level 5 in Fire Magic
  4970 | D:4      | Found a transporter.
  4974 | D:4      | Noticed benitares's ghost (amateur DrCj)
  5242 | D:5      | Upgraded the game from 0.28-a0-852-gbbce81c95b to
                  | 0.28-a0-863-g8cecda6153
  5302 | D:5      | Learned a level 4 spell: Flame Wave
  5305 | D:5      | Learned a level 2 spell: Scorch
  5708 | D:5      | Reached XP level 8. HP: 47/47 MP: 1/15
  6024 | D:6      | Found an ancient bone altar of Kikubaaqudgha.
  6090 | D:6      | Noticed Edmund
  6103 | D:6      | Killed Edmund
  6104 | D:6      | Reached skill level 5 in Spellcasting
  6237 | D:6      | Found a glowing silver altar of Zin.
  6446 | D:6      | Reached skill level 5 in Conjurations
  6501 | D:6      | Found an opulent altar of Gozag.
  6727 | D:6      | Found a runed translucent gate.
  6727 | D:6      | Found a runed translucent gate.
  6727 | D:6      | Found a runed translucent gate.
  6732 | D:6      | Identified the +1 falchion of Starshine {freeze, rCorr}
  6732 | D:6      | Noticed Peloso's ghost (novice MiFi)
  6978 | D:6      | Found a hazy altar of Hepliaklqana.
  6979 | D:6      | You fall into a shaft and drop 1 floor!
  7136 | D:7      | Reached * piety under Sif Muna
  7137 | D:7      | Reached skill level 1 in Staves
  7542 | D:6      | Reached XP level 9. HP: 52/52 MP: 11/18
  8012 | D:7      | Found Xoithrudgh's Jewellery Boutique.
  8031 | D:7      | Bought a ring of magical power for 240 gold pieces
  8854 | D:8      | Noticed Erica
  8864 | D:8      | Killed Erica
  8865 | D:8      | Reached skill level 5 in Stealth
  8897 | D:8      | Reached XP level 10. HP: 56/57 MP: 16/21
  8910 | D:8      | Found a flagged portal.
  8919 | Bailey   | Entered a bailey
  9404 | Bailey   | Reached ** piety under Sif Muna
  9933 | Bailey   | Noticed an orc knight
  9961 | Bailey   | Killed an orc knight
  9962 | Bailey   | Reached skill level 1 in Fighting
  9962 | Bailey   | Reached skill level 1 in Hexes
 10250 | D:8      | Noticed Pikel
 10269 | D:8      | Killed Pikel
 10593 | D:8      | Noticed Maurice
 10605 | D:8      | Killed Maurice
 11241 | D:9      | Noticed a wizard
 11246 | D:9      | Killed a wizard
 11247 | D:9      | Reached XP level 11. HP: 53/63 MP: 19/24
 11254 | D:9      | Reached *** piety under Sif Muna
 11267 | D:9      | Learned a level 3 spell: Mephitic Cloud
 11271 | D:9      | Learned a level 3 spell: Ignite Poison
 11277 | D:9      | Learned a level 5 spell: Freezing Cloud
 11282 | D:9      | Learned a level 4 spell: Summon Lightning Spire
 11347 | D:9      | Found a staircase to the Orcish Mines.
 11481 | D:9      | Reached skill level 1 in Poison Magic
 11482 | D:9      | Found a glowing golden altar of the Shining One.
 11482 | D:9      | Found a stormy altar of Qazlal.
 11901 | D:9      | Reached skill level 1 in Ice Magic
 12206 | Orc:1    | Entered Level 1 of the Orcish Mines
 12215 | Orc:1    | Reached skill level 1 in Air Magic
 12224 | Orc:1    | Reached **** piety under Sif Muna
 12547 | Orc:1    | Found a runed translucent door.
 12549 | Orc:1    | Noticed Zoha Hau's ghost (journeyman DsAK)
 12589 | Orc:1    | Noticed a boulder beetle
 12589 | Orc:1    | Noticed a two-headed ogre
 12608 | Orc:1    | Found Huigyps's Jewellery Emporium.
 12701 | Orc:1    | Slain by Zoha Hau's ghost

Illustrated notes

Levels and vault maps discovered:
D:1:      co_arrival_random_square_maze, layout_basic
D:2:      minmay_door_path, layout_loops_corners, serial_shops,
          nicolae_diamond_shop
D:3:      layout_basic, trog_book, grunt_decor_mini_mirrors,
          uniq_crazy_yiuf_cottage
D:4:      layout_rooms, minmay_temple_entry_antechambers,
          gammafunk_ghost_stat_death, chequers_arboretum,
          hangedman_abyss_or_decor_stagger
D:5:      layout_basic, nicolae_overflow_hidden_temple
D:6:      layout_gridville, nicolae_kikubaaqudgha_miasma_corner, zin_academy,
          marbit_many_paths, lemuel_round_altar, biasface_ghost_orc_armoury,
          lemuel_flamethrower_2, uniq_edmund
D:7:      layout_loops_ring, serial_shops, nicolae_stop_n_shop_1
D:8:      layout_loops_ring, enter_bailey_5, lightli_minifort, uniq_pikel,
          uniq_erica, uniq_maurice
D:9:      layout_roguey [special_room_orc], grunt_temple_overflow_open,
          orc_0_dummy, lightli_wizard_tower
Temple:   nicolae_temple_no_exploring_needed
Orc:1:    layout_caves, ebering_ghost_reflecting_pool, serial_shops,
          nicolae_shop_temple_entry_statues_fountains, rock_pile, uniq_erolcha

Skill      XL: |  1  2  3  4  5  6  7  8  9 10 11 |
---------------+----------------------------------+-----
Stealth        | 3 4 5 6 |  6.5
Conjurations   | 2 3 4 5 6 8 |  8.4
Fire Magic     | 4 5 6 8 9 |  9.7
Spellcasting   | 3 4 6 7 9 |  9.5
Staves         | 1 |  1.2
Dodging        | 3 |  3.7
Fighting       | 1 |  1.6
Hexes          | 1 |  1.4
Poison Magic   | 1 |  1.4
Ice Magic      | 1 |  1.0
Air Magic      | 1 |  1.7
Summonings     | |  0.8

Action                   |  1- 3 |  4- 6 |  7- 9 | 10-12 || total
-------------------------+-------+-------+-------+-------++-------
Melee: Staff             |     6 |     3 |    34 |    41 ||    84
       Tentacles         |     2 |       |    15 |    13 ||    30
       Constrict         |     1 |     1 |     9 |     9 ||    20
 Cast: Foxfire           |    50 |    68 |   134 |   121 ||   373
       Scorch            |       |       |    23 |     3 ||    26
       Conjure Flame     |       |       |     8 |     4 ||    12
       Flame Wave        |       |       |    10 |    31 ||    41
       Inner Flame       |       |       |     3 |    16 ||    19
       Summon Lightning  |       |       |       |     1 ||     1
  Use: Scroll            |       |       |     4 |     1 ||     5
       Potion            |       |       |     2 |     4 ||     6
 Stab: Sleeping          |       |       |     3 |     2 ||     5
Armor: Skin              |     1 |     1 |     2 |     4 ||     8
Dodge: Dodged            |     6 |    10 |    32 |    57 ||   105

Table legend: (Time is in decaauts)
 A = Elapsed time spent in this place.
 B = Non-inter-level travel time spent in this place.
 C = Inter-level travel time spent in this place.
 D = Time resting spent in this place.
 E = Time spent auto-exploring this place.
 F = Levels seen in this place.
 G = Mean time per level.
                   A        B        C        D        E       F      G
               +--------+--------+--------+--------+--------+-----+--------+
         Total |  12735 |  12512 |    223 |   1336 |   8617 |  12 | 1061.2 |
       Dungeon |  10904 |  10682 |    222 |    495 |   8149 |   9 | 1211.6 |
        Temple |     15 |     15 |      0 |      0 |      0 |   1 |   15.0 |
  Orcish Mines |    495 |    495 |      0 |     60 |    268 |   1 |  495.0 |
        Bailey |   1319 |   1319 |      0 |    781 |    200 |   1 | 1319.0 |
               +--------+--------+--------+--------+--------+-----+--------+

Top non-repeatable levels by time:
     D:5: 2037 daAuts
     D:6: 1683 daAuts
     D:2: 1378 daAuts
  Bailey: 1319 daAuts
     D:1: 1103 daAuts
     D:8: 1084 daAuts
     D:7: 1027 daAuts
     D:9: 1011 daAuts
     D:4: 917 daAuts
     D:3: 661 daAuts
   Orc:1: 495 daAuts
  Temple: 15 daAuts
